AoeStats
← memcosh

Arabia

508660606Analyzed
2v2 RM · 10d ago on Sep 23, 2026· 31m 1s· 4 players
Game mode
Random Map
Map size
Medium (4 player)
Population
200
Speed
Normal
Resources
Standard
Victory
Conquest
Starting age
Dark Age
Ending age
Imperial Age
RankedLock teamsTeams togetherTeam positionsShared explorationLock speedFull tech treeHidden civsTurbo modeCheats
Victory
Defeat
🇨🇿 Turks · Czechia
852
+12
🇨🇿 Malians · Czechia
842
+12
🇺🇸 Turks · United States
782
-20
🇧🇷 Bohemians · Brazil
730
-12
memcosh
0:27 Loom
13:03 Feudal Age
14:19 Wheelbarrow
17:18 Castle Age
15:14 Horse Collar
15:48 Double-Bit Axe
21:58 Squires
24:53 Town Watch
27:12 Bloodlines
27:55 Husbandry
KALTON69
5:45 Loom
10:33 Feudal Age
13:03 Double-Bit Axe
22:50 Castle Age
21:10 Fletching
21:09 Horse Collar
22:40 Padded Archer Armor
Teoldis
11:27 Feudal Age
13:29 Loom
16:33 Castle Age
16:46 Fletching
17:47 Double-Bit Axe
21:35 Forging
24:06 Scale Mail Armor
27:30 Gold Mining
27:46 Squires
27:32 Arson
31:03 Bow Saw
Vykostovac
7:44 Loom
11:26 Feudal Age
13:59 Scale Barding Armor
16:20 Bloodlines
17:47 Forging
20:47 Horse Collar
21:31 Double-Bit Axe
27:38 Castle Age
28:42 Chain Barding Armor
28:42 Husbandry
31:26 Iron Casting
Connection lost

Rejoining the realm…

Still unreachable

The connection could not be restored.

Session expired

The server has moved on; the page needs a fresh start.